 Dungeon Crawl Stone Soup version 0.30-a0-777-ga9a30cbeda (webtiles) character file.

Game seed: 6083765403497773820

54352 Pooter the Severer (level 14, -2/129 HPs)
             Began as a Minotaur Berserker on Feb 12, 2023.
             Was an Elder of Trog.
             Slain by Rupert
             ... wielding a +0 great mace of protection
              (6 damage)
             ... on level 5 of the Lair of Beasts on Feb 13, 2023.
             The game lasted 01:45:33 (18730 turns).

Pooter the Severer (Minotaur Berserker)            Turns: 18730, Time: 01:45:34

Health: -2/129     AC: 22    Str: 24    XL:     14   Next: 34%
Magic:  0/13       EV: 14    Int:  6    God:    Trog [****..]
Gold:   1365       SH:  0    Dex: 11    Spells: 13/13 levels left

rFire   . . .      SeeInvis .    a - +4 battleaxe
rCold   + . .      Faith    .    (shield currently unavailable)
rNeg    . . .      Spirit   +    n - +5 shadow dragon scales
rPois   .          Reflect  .    R - +2 hat {Stlth+}
rElec   .          Harm     .    (no cloak)
rCorr   .          Rampage  .    (no gloves)
Will    +....                    P - +0 pair of boots
Stlth   +++++                    G - amulet of guardian spirit
HPRegen 0.41/turn                w - +5 ring of evasion
MPRegen 0.13/turn                I - ring of protection from cold

@: silenced
A: horns 2, retaliatory headbutt
a: Renounce Religion


You were on level 5 of the Lair of Beasts.
You worshipped Trog.
Trog was greatly pleased with you.
You visited 2 branches of the dungeon, and saw 15 of its levels.
You also visited: Sewer.

You collected 1641 gold pieces.
You spent 276 gold pieces at shops.

Inventory:

Hand Weapons
 a - a +4 battleaxe (weapon)
   (You took it off an orc warrior on level 6 of the Dungeon)
 b - a +0 shortbow
   (You took it off a centaur on level 9 of the Dungeon)
 g - a +4 morningstar of draining
   (You found it on level 5 of the Lair of Beasts)
 q - a +0 halberd
   (You took it off a gnoll on level 2 of the Dungeon)
 v - a +0 morningstar
   (You took it off an orc on level 4 of the Dungeon)
 H - a +2 trident of venom
   (You took it off an orc on level 4 of the Dungeon)
 K - a +2 hand axe of draining
   (You took it off an orc on level 3 of the Dungeon)
 L - a +1 sling
   (You found it on level 1 of the Dungeon)
Missiles
 h - a throwing net {!f}
 j - 15 poisoned darts (quivered)
 A - 7 javelins
 Q - 160 stones
 T - 3 datura-tipped darts
 X - 7 curare-tipped darts
Armour
 n - +5 shadow dragon scales (worn)
   (You found it on level 6 of the Dungeon)
 P - a +0 pair of boots (worn)
   (You found it on level 2 of the Lair of Beasts)
 R - a +2 hat of stealth (worn)
   (You took it off Gastronok on level 2 of the Lair of Beasts)
Jewellery
 w - a +5 ring of evasion (left hand)
   (You took it off an orc wizard on level 4 of the Dungeon)
 z - a ring of willpower
   (You found it on level 3 of the Lair of Beasts)
 G - an amulet of guardian spirit (around neck)
   (You found it on level 3 of the Dungeon)
 I - a ring of protection from cold (right hand)
   (You found it on level 8 of the Dungeon)
 N - a ring of positive energy
   (You found it on level 1 of the Lair of Beasts)
 S - a ring of flight
   (You found it on level 4 of the Lair of Beasts)
 W - a ring of protection from cold
   (You found it on level 5 of the Lair of Beasts)
Wands
 d - a wand of iceblast (7)
   (You found it on level 4 of the Dungeon)
 f - a wand of flame (6)
   (You found it on level 5 of the Lair of Beasts)
 m - a wand of polymorph (3)
   (You found it on level 8 of the Dungeon)
 u - a wand of paralysis (10)
   (You found it on level 2 of the Dungeon)
 x - a wand of acid (5)
   (You found it on level 5 of the Lair of Beasts)
 C - a wand of mindburst (8)
   (You took it off an orc priest on level 9 of the Dungeon)
Scrolls
 e - 2 scrolls of fear
 i - 2 scrolls of identify {@r1}
 k - a scroll of silence
 o - 2 scrolls of blinking
 p - 3 scrolls of fog
 t - 5 scrolls of teleportation {@r4}
 y - 3 scrolls of vulnerability {!r}
 D - 3 scrolls of magic mapping
Potions
 c - 4 potions of flight
 l - 2 potions of invisibility
 r - 4 potions of curing {@q1}
 s - 2 potions of might
 B - 6 potions of heal wounds {@q2}
 E - 2 potions of lignification {!q}
 F - 5 potions of cancellation
 J - a potion of mutation {!q}
 O - 2 potions of attraction {!q}
 V - a potion of haste {@q3}
Miscellaneous
 M - a lightning rod (4/4) {!a}
   (You found it on level 10 of the Dungeon)
 U - a box of beasts
   (You found it on level 4 of the Lair of Beasts)


   Skills:
 + Level 13.1 Fighting
 * Level 17.6 Axes
 - Level 1.2(11.5) Polearms
 - Level 14.0 Ranged Weapons
 + Level 5.0 Throwing
 + Level 6.7 Armour
 - Level 2.1 Dodging
 + Level 8.4 Stealth
 + Level 4.5 Evocations


You had 13 spell levels left.
You didn't know any spells.
Your spell library was empty.

Dungeon Overview and Level Annotations

Branches:
Dungeon (10/15)            Temple (0/1) D:6            Lair (5/5) D:10
  Swamp (0/4) Lair:2       Spider (0/4) Lair:2        Slime (0/5) Lair:5
    Orc (0/2) D:10          Sewer (visited)

Altars:
Cheibriados
Dithmenos
Gozag
Hepliaklqana
Kikubaaqudgha
Makhleb
Qazlal
Ru
Sif Muna
Wu Jian
The Shining One
Jiyva

Shops:
D:3 !   D:6 :   D:8 =

Annotations:
D:9 3 runed translucent doors
Lair:4 exclusion: 3 oklob plants
Lair:5 Rupert


Innate Abilities, Weirdness & Mutations

You have a pair of horns on your head.
You reflexively headbutt those who attack you in melee.


Message History

You headbutt the tyrant leech, but do no damage.
You barely miss Rupert. You closely miss the tyrant leech.
Rupert barely misses you.
You slash Rupert! You slash the tyrant leech! The tyrant leech bites you!
The tyrant leech draws strength from your injuries!
You slash Rupert! You closely miss the tyrant leech.
Rupert hits you with a +0 great mace of protection.
* * * LOW HITPOINT WARNING * * *
The tyrant leech barely misses you.
You slash Rupert!
You hit the tyrant leech but do no damage.
Rupert barely misses you. You furiously retaliate!
You headbutt Rupert! You slash Rupert! You closely miss the tyrant leech.
The tyrant leech barely misses you.
Rupert flies into a rage!
Rupert goes berserk!
You slash Rupert! You hit the tyrant leech.
Rupert hits you with a +0 great mace of protection!
* * * LOW MAGIC WARNING * * *
* * * LOW HITPOINT WARNING * * *
The tyrant leech bites you!!
* * * LOW MAGIC WARNING * * *
* * * LOW HITPOINT WARNING * * *
The tyrant leech draws strength from your injuries!
You barely miss Rupert.
You hit the tyrant leech but do no damage.
Rupert closely misses you. You furiously retaliate!
You headbutt Rupert! You barely miss Rupert. You headbutt Rupert.
You closely miss the tyrant leech.
Rupert hits you with a +0 great mace of protection.
* * * LOW HITPOINT WARNING * * *
The tyrant leech bites you but does no damage.
You slash Rupert! You hit the tyrant leech. Rupert hits you but does no damage.
Rupert hits you with a +0 great mace of protection!!
* * * LOW MAGIC WARNING * * *
* * * LOW HITPOINT WARNING * * *
The tyrant leech bites you.
* * * LOW HITPOINT WARNING * * *
The tyrant leech draws strength from your injuries!
You slash Rupert! You hit the tyrant leech.
You kill the tyrant leech!
Trog accepts your kill. Rupert barely misses you.
You barely miss Rupert. Rupert misses you.
Unknown command.
You slash Rupert! You headbutt Rupert! Rupert barely misses you.
Rupert closely misses you. You furiously retaliate!
You headbutt Rupert! You closely miss Rupert.
Rupert hits you with a +0 great mace of protection!
* * * LOW MAGIC WARNING * * *
You die...

..................# ##..####.
..................# ##..[.# #.
..................#### #.....# ##
.................##..###....## #
......................###..######
######................########..#
########..........#.....#####.#..
..#...###......@.........##......
.......##.......@...#....#....)..
.#.#....##........###...P........
........####...............#....#
..#......# #....................#
..#......###.....................
..#####..##......................
..#.......#.....##............#..
###...#...##....###.#####....####
###.......##....###..###......##.


You could see Rupert (berserk).

Vanquished Creatures
  Gastronok (Lair:2)
  A fire dragon (Lair:5)
  3 hydras
  A catoblepas (Lair:5)
  A two-headed ogre (D:10)
  A boulder beetle (Lair:5)
  10 death yaks
  3 lindwurms (Lair:5)
  10 elephants
  9 black mambas
  7 torpor snails
  12 cane toads
  10 komodo dragons
  4 rime drakes
  3 tyrant leeches
  A polar bear (Lair:5)
  Grinder (D:5)
  A troll (D:8)
  8 hornets
  Prince Ribbit (D:8)
  18 dream sheep
  10 blink frogs
  A culicivora (Lair:2)
  2 jumping spiders (Lair:2)
  A shadow (D:10)
  56 yaks
  A wraith (D:10)
  5 wyverns
  Grum (D:10)
  2 redbacks (Lair:2)
  4 basilisks
  2 steam dragons
  A swamp worm (Lair:2)
  Menkaure (D:4)
  An acid dragon (D:9)
  14 water moccasins
  2 ice beasts
  3 orc warriors
  A black bear (D:4)
  An ogre (D:6)
  13 wolves
  3 centaurs
  2 phantoms
  6 bullfrogs
  A kobold brigand (D:10)
  A necrophage (D:7)
  2 scorpions
  8 wights
  11 killer bees
  3 howler monkeys (D:8)
  An electric eel (D:8)
  A lava snake (D:8)
  3 jellies
  3 hounds
  A gnoll bouda (Lair:5)
  6 orc priests
  3 iguanas
  8 orc wizards
  A polar bear simulacrum (Lair:5)
  3 wolf simulacra (Lair:5)
  4 gnolls
  8 adders
  5 river rats (Sewer)
  A shadow imp (D:7)
  3 white imps
  An ufetubus (D:5)
  3 worms
  2 dart slugs
  34 orcs
  2 bats
  2 bat zombies (D:7)
  7 endoplasms
  5 giant cockroaches
  9 goblins
  7 hobgoblins
  3 jackals (Sewer)
  11 kobolds
  3 quokkas
  14 ball pythons
  6 frilled lizards
  8 rats
  2 rat zombies (D:7)
435 creatures vanquished.

Vanquished Creatures (collateral kills)
  A death yak (Lair:5)
  A cane toad (Lair:5)
  2 rime drakes (Lair:5)
4 creatures vanquished.

Vanquished Creatures (others)
  34 fungi
  66 plants
100 creatures vanquished.

Grand Total: 539 creatures vanquished

Notes
Turn   | Place    | Note
-------+----------+-------------------------------------------
     0 | D:1      | Pooter the Minotaur Berserker began the quest for the Orb.
     0 | D:1      | Reached XP level 1. HP: 19/19 MP: 0/0
   186 | D:1      | Reached skill level 1 in Ranged Weapons
   186 | D:1      | Reached XP level 2. HP: 27/27 MP: 1/1
   187 | D:1      | Reached skill level 4 in Axes
   717 | D:1      | Reached XP level 3. HP: 33/33 MP: 2/2
  1001 | D:2      | Reached XP level 4. HP: 38/40 MP: 3/3
  1337 | D:2      | Reached ** piety under Trog
  1682 | D:3      | Reached skill level 1 in Polearms
  1750 | D:3      | Found Jidebokha's Distillery.
  1802 | D:3      | Bought a potion of curing for 36 gold pieces
  1802 | D:3      | Bought a potion of heal wounds for 60 gold pieces
  1802 | D:3      | Bought a potion of might for 48 gold pieces
  2165 | D:3      | Found a shimmering blue altar of Sif Muna.
  2190 | D:3      | Bought a potion of flight for 36 gold pieces
  2276 | D:3      | Found a stormy altar of Qazlal.
  2577 | D:4      | Reached XP level 5. HP: 41/47 MP: 4/4
  2634 | D:4      | Reached skill level 5 in Axes
  2866 | D:4      | Noticed a black bear
  2869 | D:4      | Killed a black bear
  2870 | D:4      | Reached XP level 6. HP: 55/55 MP: 5/5
  2958 | D:4      | Reached skill level 5 in Fighting
  2982 | D:4      | Reached skill level 6 in Axes
  3157 | D:4      | Noticed Menkaure
  3167 | D:4      | Killed Menkaure
  3167 | D:4      | Reached *** piety under Trog
  3333 | D:4      | Reached XP level 7. HP: 58/61 MP: 6/6
  3439 | D:5      | Entered Level 5 of the Dungeon
  3474 | D:5      | Reached skill level 5 in Ranged Weapons
  3566 | D:5      | Found a glowing drain.
  3592 | Sewer    | Entered a sewer
  3835 | Sewer    | Reached skill level 7 in Axes
  4409 | D:5      | Upgraded the game from 0.30-a0-772-g5528072125 to
                  | 0.30-a0-777-ga9a30cbeda
  4582 | D:5      | Noticed Grinder
  4597 | D:5      | Killed Grinder
  4598 | D:5      | Reached XP level 8. HP: 70/70 MP: 7/7
  4606 | D:5      | Found a burning altar of Makhleb.
  4736 | D:3      | Bought a potion of mutation for 96 gold pieces
  5094 | D:6      | Reached skill level 8 in Axes
  5222 | D:6      | Found a glowing golden altar of the Shining One.
  5903 | D:6      | Found Xidghac's Book Boutique.
  6143 | D:6      | Found a staircase to the Ecumenical Temple.
  6425 | D:7      | Reached skill level 9 in Axes
  6557 | D:7      | Found an ancient bone altar of Kikubaaqudgha.
  6692 | D:7      | Found a hazy altar of Hepliaklqana.
  6705 | D:7      | Reached **** piety under Trog
  7099 | D:7      | Reached XP level 9. HP: 79/79 MP: 8/8
  7171 | D:8      | Reached skill level 1 in Stealth
  7174 | D:8      | Noticed Prince Ribbit
  7197 | D:8      | Killed Prince Ribbit
  7656 | D:8      | Reached skill level 10 in Axes
  7954 | D:8      | Found Ciopnaq's Jewellery Shop.
  8189 | D:9      | Noticed a troll
  8207 | D:8      | Killed a troll
  8383 | D:9      | Found an ornate altar of the Wu Jian Council.
  8771 | D:9      | Reached skill level 11 in Axes
  8771 | D:9      | Reached XP level 10. HP: 89/89 MP: 7/9
  8805 | D:9      | Found a runed translucent door.
  8805 | D:9      | Noticed an eight-headed hydra
  8805 | D:9      | Noticed a glowing orange brain
  8806 | D:9      | Found a runed translucent door.
  8806 | D:9      | Noticed a centaur warrior
  8807 | D:9      | Found a runed translucent door.
  9014 | D:9      | Reached skill level 10 in Ranged Weapons
  9021 | D:9      | Found a sacrificial altar of Ru.
  9022 | D:9      | Found an opulent altar of Gozag.
  9024 | D:9      | Found a shadowy altar of Dithmenos.
  9214 | D:9      | Noticed a cyclops
  9214 | D:9      | Noticed a centaur warrior
  9214 | D:9      | Noticed a white ugly thing
  9214 | D:9      | Noticed a cyclops
  9247 | D:10     | Entered Level 10 of the Dungeon
  9385 | D:10     | Noticed Grum
  9398 | D:10     | Killed Grum
 10385 | D:10     | Found a staircase to the Lair.
 10385 | D:10     | Noticed a two-headed ogre
 10422 | D:10     | Killed a two-headed ogre
 10423 | D:10     | Reached skill level 12 in Axes
 10536 | D:10     | Found a staircase to the Orcish Mines.
 10799 | Lair:1   | Entered Level 1 of the Lair of Beasts
 11239 | Lair:1   | Reached XP level 11. HP: 94/97 MP: 7/10
 11554 | Lair:1   | Reached skill level 13 in Axes
 11564 | Lair:1   | Reached skill level 5 in Stealth
 11644 | Lair:1   | Reached skill level 10 in Fighting
 12133 | Lair:2   | Found a staircase to the Swamp.
 12360 | Lair:2   | Noticed Gastronok
 12370 | Lair:2   | Killed Gastronok
 12371 | Lair:2   | Reached skill level 14 in Axes
 12557 | Lair:2   | Reached XP level 12. HP: 105/108 MP: 9/11
 13361 | Lair:2   | Found a hole to the Spider Nest.
 13801 | Lair:3   | Reached skill level 15 in Axes
 14748 | Lair:4   | Noticed a six-headed hydra
 14755 | Lair:4   | Killed a six-headed hydra
 14913 | Lair:4   | Noticed a death yak
 14914 | Lair:4   | Noticed a death yak
 14916 | Lair:4   | Noticed a death yak
 14926 | Lair:4   | Killed a death yak
 14927 | Lair:4   | Killed a death yak
 14928 | Lair:4   | Reached skill level 1 in Throwing
 14929 | Lair:4   | Killed a death yak
 14930 | Lair:4   | Reached skill level 1 in Evocations
 14985 | Lair:4   | Reached XP level 13. HP: 103/117 MP: 8/12
 15174 | Lair:4   | Found a snail-covered altar of Cheibriados.
 15222 | Lair:4   | Identified the +4 rapier "Awnocsal" {elec, Will+ Str+2}
 15567 | Lair:5   | Entered Level 5 of the Lair of Beasts
 15671 | Lair:5   | Reached skill level 16 in Axes
 16085 | Lair:5   | Reached skill level 5 in Armour
 16869 | Lair:5   | Reached skill level 17 in Axes
 16882 | Lair:5   | Reached XP level 14. HP: 101/127 MP: 7/13
 18097 | Lair:5   | Found a runed translucent door.
 18406 | Lair:5   | Found a viscous altar of Jiyva.
 18408 | Lair:5   | Found a staircase to the Slime Pits.
 18559 | Lair:5   | Reached skill level 5 in Throwing
 18606 | Lair:5   | Noticed Rupert
 18726 | Lair:5   | HP: 3/129 [Rupert/+0 great mace of protection (22)]
 18730 | Lair:5   | Slain by Rupert

Illustrated notes

Levels and vault maps discovered:
D:1:      dpeg_arrival_circle_labyrinth_c, layout_basic,
          chequers_serial_rivers_marsh
D:2:      layout_loops_ring
D:3:      layout_loops_ring, lemuel_doored_altar,
          nicolae_qazlal_eye_of_the_storm, serial_shops,
          nicolae_shop_competitors_out_of_business
D:4:      minmay_opposing_rooms, layout_gridville, roderic_roman_lattice,
          uniq_menkaure
D:5:      layout_rooms, mainiacjoe_overflow_boulevard, portal_sewer_entry_f,
          uniq_grinder
D:6:      layout_gridville, general_overflow_altar, temple_hall, serial_shops,
          kennysheep_mini, serial_rivers, chequers_serial_rivers_micro_c,
          chequers_serial_rivers_room_b, chequers_serial_rivers_micro_e,
          chequers_serial_rivers_room_a, chequers_serial_rivers_large_b,
          reono_crystal_passage
D:7:      layout_basic, mainiacjoe_overflow_tiny_flanked,
          lemuel_zombie_altar_kikubaaqudgha, kennysheep_small_square
D:8:      layout_loops_ring, serial_shops, shop, nicolae_lava_and_water,
          uniq_prince_ribbit1
D:9:      minmay_the_grid_triangle_9x9_rhombus_thin_mashed
          [minmay_the_grid_triangle_9x9_corrupted_corridor,
          minmay_the_grid_triangle_9x9_prize_top_heavy,
          minmay_the_grid_triangle_9x9_pentomino_pain,
          minmay_the_grid_triangle_9x9_fully_insulated_deathbox], layout_rooms,
          grunt_temple_overflow_open, mainiacjoe_overflow_catwalk,
          hangedman_decor_slide_cut
D:10:     layout_loops_corners, lair_entry_dummy, orc_0_dummy, uniq_grum
Lair:1:   layout_chaotic_city, chequers_serial_rivers_micro_c, minmay_hedge_maze
Lair:2:   layout_chaotic_city, minmay_swamp_entry_worms,
          spider_nest_entry_funnel_web, infiniplex_staircase_pool_2,
          uniq_gastronok
Lair:3:   layout_chaotic_city
Lair:4:   minmay_lair_oklob_chamber, layout_hall_layers,
          kennysheep_snail_temple, infiniplex_staircase_pool, lemuel_fruit_tree
Lair:5:   hangedman_lair_in_review, layout_regular_city, wormcave,
          minmay_slime_entry_pillars, portal_ice_cave_entry_ice_simulacra,
          dreamdust_gnoll_shepherd, uniq_rupert

Skill      XL: |  1  2  3  4  5  6  7  8  9 10 11 12 13 14 |
---------------+-------------------------------------------+-----
Ranged Weapons | 1 2 3 4 6 8 9 11 12 14 | 14.0
Axes           | 4 5 6 7 9 11 12 14 15 17 | 17.6
Fighting       | 4 5 6 7 8 9 10 11 12 13 | 13.1
Polearms       | 1 |  1.2
Stealth        | 3 4 5 7 8 |  8.4
Throwing       | 1 4 5 |  5.0
Evocations     | 1 3 4 |  4.5
Armour         | 3 6 |  6.7
Dodging        | |  2.1

Action                     |  1- 3 |  4- 6 |  7- 9 | 10-12 | 13-15 || total
---------------------------+-------+-------+-------+-------+-------++-------
  Melee: Hand axe          |    14 |    48 |   124 |       |       ||   186
         Halberd           |     5 |    35 |       |       |       ||    40
         Headbutt          |     1 |     9 |    40 |    82 |    66 ||   198
         Punch             |       |       |     2 |       |     1 ||     3
         Battleaxe         |       |       |   108 |   364 |   285 ||   757
         Morningstar       |       |       |       |       |     3 ||     3
   Fire: Sling             |    59 |    73 |   112 |       |       ||   244
         Shortbow          |       |       |       |    78 |    58 ||   136
  Throw: Stone             |       |       |     3 |       |       ||     3
         Javelin           |       |       |     2 |       |       ||     2
         Dart              |       |       |       |    24 |    47 ||    71
 Invoke: Berserk           |     2 |     3 |     9 |    11 |    10 ||    35
         Trog's Hand       |       |     1 |     6 |    12 |     9 ||    28
         Brothers in Arms  |       |       |       |       |     1 ||     1
  Evoke: Wand              |       |     1 |     9 |     9 |       ||    19
         Lightning rod     |       |       |       |     6 |     2 ||     8
         Box of beasts     |       |       |       |       |     2 ||     2
    Use: Scroll            |       |     6 |    14 |     7 |     9 ||    36
         Potion            |       |       |       |     3 |     2 ||     5
   Stab: Paralysed         |       |     2 |    12 |       |       ||    14
         Sleeping          |       |       |     2 |     6 |     2 ||    10
         Petrified         |       |       |       |       |     1 ||     1
 Armour: Animal skin       |     3 |     6 |       |       |       ||     9
         Chain mail        |       |    20 |    58 |       |       ||    78
         Shadow dragon sca |       |       |    65 |   195 |   144 ||   404
  Dodge: Dodged            |    19 |    33 |   125 |   282 |   187 ||   646

Table legend: (Time is in decaauts)
 A = Elapsed time spent in this place.
 B = Non-inter-level travel time spent in this place.
 C = Inter-level travel time spent in this place.
 D = Time resting spent in this place.
 E = Time spent auto-exploring this place.
 F = Levels seen in this place.
 G = Mean time per level.
                   A        B        C        D        E       F      G
               +--------+--------+--------+--------+--------+-----+--------+
         Total |  19306 |  18848 |    458 |   4130 |  10760 |  16 | 1206.6 |
       Dungeon |  10317 |   9945 |    372 |   2116 |   5760 |  10 | 1031.7 |
          Lair |   8033 |   7947 |     86 |   1965 |   4376 |   5 | 1606.6 |
         Sewer |    955 |    955 |      0 |     49 |    624 |   1 |  955.0 |
               +--------+--------+--------+--------+--------+-----+--------+

Top non-repeatable levels by time:
  Lair:5: 3104 daAuts
  Lair:2: 1720 daAuts
    D:10: 1481 daAuts
  Lair:1: 1289 daAuts
     D:6: 1237 daAuts
     D:8: 1230 daAuts
     D:4: 1067 daAuts
     D:9: 1056 daAuts
  Lair:4: 1032 daAuts
   Sewer: 955 daAuts
     D:7: 950 daAuts
     D:1: 913 daAuts
  Lair:3: 886 daAuts
     D:3: 841 daAuts
     D:2: 809 daAuts
